 Dungeon Crawl Stone Soup version 0.31-a0-1068-g5939ac1fb6 (webtiles) character file.

Game seed: 17337447143009277570

4391 GenialerGandalf the Cleaver (level 10, 0/88 HPs)
             Began as a Hill Orc Fighter on Nov 25, 2023.
             Was a Believer of Beogh.
             Killed from afar by an electric eel (1 damage)
             ... with a bolt of electricity
             ... on level 9 of the Dungeon.
             The game lasted 00:17:11 (7801 turns).

GenialerGandalf the Cleaver (Hill Orc Fighter)      Turns: 7801, Time: 00:17:11

Health: 0/88       AC: 13    Str: 24    XL:     10   Next: 35%
Magic:  16/16      EV:  9    Int:  8    God:    Beogh [**....]
Gold:   324        SH:  5    Dex: 10    Spells: 9/9 levels left

rFire   . . .        a - +0 war axe
rCold   . . .        c - +0 buckler
rNeg    . . .        b - +0 scale mail
rPois   .            u - +0 helmet
rElec   .            t - +1 cloak
rCorr   .            C - +0 pair of gloves
SInv    .            (no boots)
Will    .....        (no amulet) Stlth
                     (no ring)
HPRegen 0.34/turn    (no ring)
MPRegen 0.15/turn

%: no passive effects
@: about to teleport, studying Air Magic
A: no striking features
a: Renounce Religion, Smiting


You were on level 9 of the Dungeon.
You worshipped Beogh.
Beogh was pleased with you.
You visited 2 branches of the dungeon, and saw 10 of its levels.

You collected 472 gold pieces.
You spent 148 gold pieces at shops.

Inventory:

Hand Weapons
 a - a +0 war axe (weapon)
Missiles
 E - 2 throwing nets
Armour
 b - a +0 scale mail (worn)
 c - a +0 buckler (worn)
 t - a +1 cloak (worn)
 u - a +0 helmet (worn)
 C - a +0 pair of gloves (worn)
Jewellery
 e - an amulet of the acrobat
 v - an amulet of reflection
 w - a ring of protection from fire
 D - a +6 ring of strength
Scrolls
 i - 2 scrolls of identify
 j - 2 scrolls of enchant armour
 m - 2 scrolls of revelation
 n - 3 scrolls of noise
 o - a scroll of fog
 q - 2 scrolls of amnesia
 r - 3 scrolls of teleportation
 x - a scroll of enchant weapon {unknown}
 y - 2 scrolls of vulnerability {unknown}
 B - a scroll of poison {unknown}
Potions
 d - a potion of might
 f - a potion of curing
 g - a potion of heal wounds {unknown}
 h - 4 potions of haste
 k - a potion of lignification {unknown}
 l - 3 potions of mutation
 p - 2 potions of magic
 s - 4 potions of brilliance
 z - a potion of enlightenment {unknown}
 A - a potion of cancellation {unknown}


   Skills:
 + Level 7.7 Fighting
 + Level 12.7 Axes
 + Level 7.8 Armour
 - Level 0.1 Dodging
 + Level 5.1 Shields
 * Level 8.1 Invocations


You had 9 spell levels left.
You didn't know any spells.
Your spell library contained the following spells:

 Spells                   Type           Power      Damage    Failure   Level
 Apportation              Tloc           0%         N/A       75%         1
 Blink                    Tloc           0%         N/A       86%         2
 Jinxbite                 Hex            0%         N/A       86%         2
 Lesser Beckoning         Tloc           0%         N/A       86%         2
 Momentum Strike          Conj/Tloc      0%         3d8       86%         2
 Alistair's Intoxication  Tmut/Pois      0%         N/A       100%        5


Dungeon Overview and Level Annotations

Branches:
Dungeon (9/15)             Temple (1/1) D:5            Lair (0/5) D:9
    Orc: D:9-12

Altars:
Ashenzari
Cheibriados
Dithmenos
Elyvilon
Fedhas
Gozag
Hepliaklqana
Kikubaaqudgha
Makhleb
Nemelex Xobeh
Okawaru
Qazlal
Ru
Sif Muna
Trog
Uskayaw
Vehumet
Wu Jian
Xom
Yredelemnul
Zin
The Shining One

Shops:
D:2 *   D:3 !*


Message History

The electric eel is severely wounded.
You hit the wolf. The wolf bites you but does no damage.
The electric eel shoots out a bolt of lightning at you!
The bolt of electricity misses you. The bolt of electricity hits you.
You closely miss the electric eel.
The electric eel is severely wounded.
You hit the wolf but do no damage. The wolf bites you.
The wolf barely misses you.
You miss the electric eel.
The electric eel is severely wounded.
You miss the wolf. The wolf bites you but does no damage.
You hit the electric eel.
The electric eel is almost dead.
You closely miss the wolf. You block the wolf's attack.
The electric eel shoots out a bolt of lightning at you!
The bolt of electricity misses you. The bolt of electricity hits you!
* * * LOW HITPOINT WARNING * * *
The wolf bites you!
* * * LOW HITPOINT WARNING * * *
As you read the scroll of teleportation, it crumbles to dust.
You feel strangely unstable. The wolf bites you but does no damage.
The electric eel shoots out a bolt of lightning at you!
The bolt of electricity hits you!
* * * LOW HITPOINT WARNING * * *
The bolt of electricity hits you!
* * * LOW HITPOINT WARNING * * *
You block the wolf's attack.
You feel better. You block the wolf's attack.
You slice the electric eel!!
You kill the electric eel!
Beogh accepts your kill.
You hit the wolf. The wolf barely misses you. The wolf bites you.
* * * LOW HITPOINT WARNING * * *
You barely miss the wolf.
The wolf is moderately wounded.
The wolf bites you!
* * * LOW HITPOINT WARNING * * *
The electric eel shoots out a bolt of lightning at you!
The bolt of electricity hits you.
You die...

.#.......######..))....#..##8...8
..##...#..####...#).......# ##>##
#....#..#..##....#........#######
####.#..##.......)..............#
#.#..<#.......#...............
#.##.....##..#................
#........#.....#.............[
#..##.#....#..................
##.##.#.#...#@.##.............
#...........h................
###..~.~..S..................
###....~..≈~~.~~..~~~........
####h.....~~≈~~~≈≈≈~~≈≈~~.......
#..)h#))~~.≈≈≈~..~≈≈≈≈~~~~......
#.####.)..~~~..~...~≈≈~ .....# #.
..~~≈.≈~~...~.~~~~≈~....... ..
.....~~≈≈..>.............#..


You could see a wolf and an electric eel.

Vanquished Creatures
  A two-headed ogre (D:8)
  Pikel (D:6)
  A troll (D:9)
  A shadow (D:6)
  2 wyverns
  A yak (D:8)
  A water moccasin (D:5)
  2 orc warriors (D:9)
  3 phantoms
  3 centaurs
  2 lemures (D:6)
  4 kobold brigands
  2 bullfrogs
  A gnoll sergeant (D:9)
  3 scorpions
  2 howler monkeys (D:8)
  An electric eel (D:9)
  3 jellies
  Crazy Yiuf (D:7)
  2 orc priests
  2 gnoll boudas
  7 hounds
  2 iguanas
  3 sleepcaps
  7 orc wizards
  16 gnolls
  5 adders
  A shadow imp (D:5)
  2 ufetubi (D:5)
  4 worms
  12 orcs
  2 bats
  6 endoplasms
  4 giant cockroaches (D:4)
  3 goblins
  4 hobgoblins
  A quokka (D:4)
  4 ball pythons
  5 frilled lizards
  24 kobolds
  3 rats
154 creatures vanquished.

Vanquished Creatures (others)
  An orc wizard (D:3)
  A gnoll (D:9)
  An orc (D:4)
3 creatures vanquished.

Grand Total: 157 creatures vanquished

Notes
Turn   | Place    | Note
-------+----------+-------------------------------------------
     0 | D:1      | GenialerGandalf the Hill Orc Fighter began the quest for
                  | the Orb.
     0 | D:1      | Reached XP level 1. HP: 19/19 MP: 1/1
   373 | D:1      | Found a faded altar of an unknown god.
   384 | D:1      | Reached XP level 2. HP: 27/27 MP: 2/2
   829 | D:2      | Found Qeogif's Assorted Antiques.
   878 | D:2      | Reached skill level 3 in Axes
  1017 | D:2      | Reached XP level 3. HP: 33/33 MP: 3/3
  1172 | D:2      | Bought a scroll labelled AGUGER GY CAY for 26 gold pieces
  1172 | D:2      | Bought a scroll labelled OCREIWALOH for 26 gold pieces
  1172 | D:2      | Bought a scroll labelled HORIUF FU KIS for 26 gold pieces
  1172 | D:2      | Bought a fizzy white potion for 23 gold pieces
  1256 | D:3      | Found Kegov's Assorted Antiques.
  1267 | D:3      | Bought a scroll labelled OCREIWALOH for 25 gold pieces
  1267 | D:3      | Bought a fizzy white potion for 22 gold pieces
  1404 | D:3      | Found Edazxo Fofo's Distillery.
  1647 | D:3      | Reached XP level 4. HP: 22/40 MP: 4/4
  1655 | D:3      | Reached skill level 4 in Axes
  1897 | D:4      | Reached XP level 5. HP: 44/46 MP: 5/5
  1982 | D:4      | Became a worshipper of Beogh the Brigand
  2137 | D:4      | Reached skill level 5 in Axes
  2432 | D:4      | Reached skill level 1 in Invocations
  2569 | D:5      | Entered Level 5 of the Dungeon
  2592 | D:5      | Reached XP level 6. HP: 52/53 MP: 5/7
  2601 | D:5      | Noticed a water moccasin
  2609 | D:5      | Killed a water moccasin
  2610 | D:5      | Reached skill level 6 in Axes
  2933 | D:5      | Reached XP level 7. HP: 31/60 MP: 7/9
  2937 | D:5      | Reached skill level 5 in Armour
  3036 | D:5      | Found a staircase to the Ecumenical Temple.
  3056 | D:5      | Reached skill level 5 in Fighting
  3056 | D:5      | Reached skill level 7 in Axes
  3341 | D:5      | Reached * piety under Beogh
  3578 | Temple   | Entered the Ecumenical Temple
  3687 | D:6      | Reached skill level 8 in Axes
  3687 | D:6      | Reached XP level 8. HP: 63/69 MP: 9/11
  3770 | D:6      | Noticed a shadow
  3783 | D:6      | Killed a shadow
  3959 | D:6      | Found a blossoming altar of Fedhas.
  3976 | D:6      | Noticed Pikel
  3991 | D:6      | Killed Pikel
  3992 | D:6      | Reached skill level 9 in Axes
  3992 | D:6      | Reached skill level 5 in Invocations
  4568 | D:6      | Reached XP level 9. HP: 73/75 MP: 13/13
  4719 | D:7      | Reached skill level 10 in Axes
  4867 | D:7      | Reached ** piety under Beogh
  5167 | D:7      | Found a runed translucent door.
  5168 | D:7      | Identified the +5 hammer of Dullness {antimagic, rPois
                  | Int+3}
  5168 | D:7      | Noticed Crazy Yiuf
  5169 | D:7      | Identified the +5 hammer of Yzoivu {elec, Int+6}
  5177 | D:7      | Killed Crazy Yiuf
  5181 | D:7      | Identified the +1 hammer of the Sea {flame, rElec MP+9 SInv
                  | Stlth-}
  5633 | D:8      | Found a basalt altar of Yredelemnul.
  5901 | D:8      | Reached skill level 11 in Axes
  6009 | D:8      | Noticed a two-headed ogre
  6017 | D:8      | Killed a two-headed ogre
  6367 | D:8      | Reached skill level 12 in Axes
  6367 | D:8      | Reached XP level 10. HP: 79/86 MP: 15/15
  6388 | D:8      | Found an ornate altar of the Wu Jian Council.
  7071 | D:9      | Reached skill level 5 in Shields
  7217 | D:9      | Found a hazy altar of Hepliaklqana.
  7221 | D:9      | Found a shimmering altar of Xom.
  7589 | D:9      | Found a glowing golden altar of the Shining One.
  7630 | D:9      | Found a staircase to the Lair.
  7727 | D:9      | Found a burning altar of Makhleb.
  7797 | D:9      | HP: 2/88 [electric eel/bolt of electricity (9)]
  7801 | D:9      | Killed from afar by an electric eel

Illustrated notes

Levels and vault maps discovered:
D:1:      dpeg_arrival_concentric_ovals, layout_basic,
          hellmonk_ecumenical_altar_run_dry
D:2:      layout_rooms, serial_shops, nicolae_shop_hallway_stairs,
          small_statue_intersection
D:3:      layout_basic, serial_shops, nicolae_shop_hallway_plus, shop
D:4:      layout_cave_pools, serial_rivers, chequers_serial_rivers_micro_b,
          chequers_serial_rivers_room_a, chequers_serial_rivers_small_b,
          chequers_serial_rivers_room_a, chequers_serial_rivers_micro_b
D:5:      layout_basic, minmay_temple_entry_arrows, minivault_19,
          lemuel_flamethrower_1
D:6:      layout_loops_ring, fedhas_altar_2, uniq_pikel
D:7:      layout_loops_ring, minmay_manual_mares, uniq_crazy_yiuf_cottage
D:8:      layout_loops_ring, mainiacjoe_overflow_six_doors_small,
          marbit_many_paths, minmay_misc_feat_tiny, kennysheep_small_circle
D:9:      layout_rooms, mainiacjoe_overflow_small_starburst,
          nicolae_overflow_hidden_temple, erik_lair_island, minivault_25
Temple:   eino_wide_crystal_templ

Skill      XL: |  1  2  3  4  5  6  7  8  9 10 |
---------------+-------------------------------+-----
Fighting       | 4 5 6 7 |  7.7
Axes           | 3 4 5 6 8 9 12 | 12.7
Armour         | 4 5 6 7 |  7.8
Invocations    | 1 2 4 5 7 8 |  8.1
Shields        | 4 5 |  5.1
Dodging        | |  0.1

Action                     |  1- 3 |  4- 6 |  7- 9 | 10-12 || total
---------------------------+-------+-------+-------+-------++-------
  Melee: War axe           |    92 |   107 |   282 |   118 ||   599
 Invoke: Convert to Beogh  |       |     1 |       |       ||     1
    Use: Scroll            |     5 |     1 |     2 |     5 ||    13
         Potion            |       |     1 |     1 |     1 ||     3
 Armour: Scale mail        |    61 |   103 |   208 |   138 ||   510
  Dodge: Dodged            |    43 |    44 |   108 |    50 ||   245
  Block: Buckler           |    17 |    20 |    51 |    27 ||   115

Table legend: (Time is in decaauts)
 A = Elapsed time spent in this place.
 B = Non-inter-level travel time spent in this place.
 C = Inter-level travel time spent in this place.
 D = Time resting spent in this place.
 E = Time spent auto-exploring this place.
 F = Levels seen in this place.
 G = Mean time per level.
                   A        B        C        D        E       F      G
               +--------+--------+--------+--------+--------+-----+--------+
         Total |   7874 |   7640 |    234 |    844 |   5537 |  10 |  787.4 |
       Dungeon |   7872 |   7639 |    233 |    844 |   5537 |   9 |  874.7 |
        Temple |      1 |      1 |      0 |      0 |      0 |   1 |    1.0 |
               +--------+--------+--------+--------+--------+-----+--------+

Top non-repeatable levels by time:
     D:8: 1124 daAuts
     D:9: 1105 daAuts
     D:6: 1049 daAuts
     D:5: 1037 daAuts
     D:7: 932 daAuts
     D:4: 756 daAuts
     D:1: 737 daAuts
     D:3: 628 daAuts
     D:2: 502 daAuts
  Temple: 1 daAuts
